 Dungeon Crawl Stone Soup version 0.19-a0-1682-g5114f93 (webtiles) character file.

2139 st0uf the Chopper (level 9, -20/71 HPs)
             Began as a Demonspawn Gladiator on Sept 24, 2016.
             Was a Priest of Okawaru.
             Demolished by a sun demon (22 damage)
             ... on level 1 of the Abyss.
             The game lasted 00:23:16 (5552 turns).

st0uf the Chopper (Demonspawn Gladiator)            Turns: 5552, Time: 00:23:16

Health: -20/71     AC: 12    Str: 18    XL:     9   Next: 9%
Magic:  11/11      EV: 12    Int: 10    God:    Okawaru [***...]
Gold:   208        SH:  0    Dex: 16    Spells: 0 memorised, 8 levels left

rFire  . . .     SeeInvis .     a - +0 war axe
rCold  + . .     Gourm    .     B - +0 scale mail (curse)
rNeg   . . .     Faith    .     (no shield)
rPois  +         Spirit   .     (helmet restricted)
rElec  .         Dismiss  .     p - +2 cloak
rCorr  .         Reflect  .     g - +0 pair of gloves
MR     .....     Harm     .     (no boots)
Stlth  ..........               q - amulet of regeneration
                                y - ring of poison resistance
                                v - +2 ring of dexterity

@: no status effects
A: claws 2, horns 2, cold resistance 1, spiny 1
a: Heroism, Renounce Religion


You were on level 1 of the Abyss.
You worshipped Okawaru.
Okawaru was most pleased with you.
You were not hungry.

You visited 2 branches of the dungeon, and saw 9 of its levels.
You visited the Abyss 1 time.

You collected 296 gold pieces.
You spent 88 gold pieces at shops.

Inventory:

Hand Weapons
 a - a +0 war axe (weapon)
Missiles
 d - 4 throwing nets (quivered)
Armour
 c - a +0 helmet
 g - a +0 pair of gloves (worn)
 j - a +0 chain mail
 p - a +2 cloak (worn)
 B - a cursed +0 scale mail (worn)
Jewellery
 q - an amulet of regeneration (around neck)
 v - a +2 ring of dexterity (left hand)
 y - a ring of poison resistance (right hand)
 z - an uncursed ring of stealth {unknown}
Wands
 D - a wand of lightning (11/15)
 L - a wand of polymorph (4/24)
 P - a wand of polymorph (12/24)
 Q - a wand of flame (11/48)
Scrolls
 b - a scroll of enchant armour {unknown}
 e - a scroll of fog {unknown}
 k - 4 scrolls of amnesia {unknown}
 l - 3 scrolls of remove curse
 r - 11 scrolls of identify
 u - 6 scrolls of teleportation {unknown}
 x - 2 scrolls of magic mapping {unknown}
 A - a scroll of fear {unknown}
 C - a scroll of recharging {unknown}
 G - a scroll of enchant weapon {unknown}
Potions
 i - 4 potions of haste {unknown}
 m - 3 potions of heal wounds {unknown}
 n - a potion of cure mutation {unknown}
 o - a potion of curing {unknown}
 s - a potion of might {unknown}
 t - a potion of beneficial mutation {unknown}
 w - 2 potions of flight {unknown}
 E - a potion of cancellation {unknown}
 F - 2 potions of lignification {unknown}
 J - a potion of invisibility {unknown}
 M - a potion of agility {unknown}
 N - 2 potions of magic {unknown}
 O - a potion of resistance {unknown}
Comestibles
 f - 7 bread rations
 h - 2 meat rations
 H - 7 chunks of flesh
 I - 2 beef jerkies
 K - a slice of pizza


   Skills:
 * Level 6.8 Fighting
 * Level 6.9 Axes
 - Level 1.7 Throwing
 + Level 3.9 Armour
 + Level 5.0 Dodging
 + Level 3.8 Invocations


You had 8 spell levels left.
You didn't know any spells.

Dungeon Overview and Level Annotations

Branches:
Dungeon (8/15)             Temple (1/1) D:4
   Lair: D:8-11

Altars:
Ashenzari
Cheibriados
Dithmenos
Elyvilon
Fedhas
Gozag
Hepliaklqana
Kikubaaqudgha
Makhleb
Nemelex Xobeh
Okawaru
Qazlal
Ru
Sif Muna
Trog
Uskayaw
Xom
Yredelemnul
Zin
The Shining One

Shops:
D:4 [=*?   D:5 [

Annotations:
D:8 Psyche


Innate Abilities, Weirdness & Mutations

You have very sharp fingernails.
You have a pair of horns on your head.
Your flesh is cold resistant. (rC+)
You are partially covered in sharp spines.


Message History

You are engulfed in flames!
A large abomination comes into view.
Unknown command.
You miss the sun demon.
The sun demon is lightly wounded.
The sun demon misses you.
The large abomination moves out of view.
The sun demon is struck by your spines. The sun demon closely misses you.
Unknown command.
You barely miss the sun demon.
You headbutt the sun demon, but do no damage.
The sun demon is lightly wounded.
The sun demon is struck by your spines. The sun demon hits you!!
* * * LOW HITPOINT WARNING * * *
You are engulfed in flames!
* * * LOW HITPOINT WARNING * * *
You slice the sun demon!! Your headbutt misses the sun demon.
The sun demon is heavily wounded.
The sun demon hits you!!
You die...

. .# .##..## #.#.#
.....# ## .. ## ..
3 . ..##.##.## #.
## ..##...#...#...#
.......#.#..#..#
..... #....#
#.......##...2. #.
...%...#.##...
.#...##
.........### ...#
#...#.##.3@# ..# #
. ...##...## .####
#.....#.#..##
##....#.....##...#
....#.......##.#.
#. #..## .##..#..#
.#.##.#.....#....#.
.###.# . .....#. ##
# . ##.. .


You could see a sun demon.

Vanquished Creatures
  Prince Ribbit (D:7)
  Duvessa (D:6)
  A sky beast (D:7)
  A black bear (D:7)
  An orc warrior (D:6)
  2 ogres (D:7)
  A big kobold (D:5)
  A bullfrog (D:6)
  Dowan (D:6)
  5 scorpions
  4 hounds
  2 jellies
  A gnoll shaman (D:7)
  An orc priest (D:7)
  3 centaur skeletons
  8 worker ants
  2 orc wizards
  A hound skeleton (D:5)
  2 worker ant zombies
  4 adders
  15 gnolls
  4 shadow imps
  2 oozes (D:1)
  An adder skeleton (D:4)
  A worm (D:4)
  2 dart slugs (D:1)
  5 leopard geckos
  17 orcs
  6 giant cockroaches
  10 goblins
  7 hobgoblins
  9 jackals
  3 quokkas (D:6)
  3 ball pythons
  5 bats
  5 frilled lizards
  12 kobolds
  10 rats
160 creatures vanquished.

Vanquished Creatures (others)
  A hound skeleton (D:5)
1 creature vanquished.

Grand Total: 161 creatures vanquished

Notes
Turn   | Place    | Note
-------+----------+-------------------------------------------
     0 | D:1      | st0uf the Demonspawn Gladiator began the quest for the Orb.
     0 | D:1      | Reached XP level 1. HP: 16/16 MP: 1/1
   219 | D:1      | Gained mutation: You are partially covered in sharp spines. [demonic ancestry]
   219 | D:1      | Reached XP level 2. HP: 22/22 MP: 2/2
   415 | D:1      | Reached XP level 3. HP: 25/28 MP: 3/3
  1038 | D:2      | Found a basalt altar of Yredelemnul.
  1057 | D:2      | Gained mutation: You have a pair of small horns on your head. [demonic ancestry]
  1057 | D:2      | Reached XP level 4. HP: 33/35 MP: 4/4
  1928 | D:3      | Reached skill level 1 in Armour
  2179 | D:3      | Gained mutation: Your flesh is cold resistant. (rC+) [demonic ancestry]
  2179 | D:3      | Reached XP level 5. HP: 34/41 MP: 5/5
  2261 | D:3      | Found a glowing silver altar of Zin.
  2549 | D:4      | Found Nuompar's Magic Scroll Shop.
  2558 | D:4      | Bought a scroll of identify for 26 gold pieces
  2558 | D:4      | Bought a scroll of remove curse for 39 gold pieces
  2565 | D:4      | Found Dosol's Assorted Antiques.
  2568 | D:4      | Bought a scroll labeled TANEIVA KIEMU for 23 gold pieces
  2586 | D:4      | Found a sparkling altar of Nemelex Xobeh.
  2586 | D:4      | Found Ivigheych's Jewellery Shoppe.
  2620 | D:4      | Found Vusoopne's Armour Emporium.
  2860 | D:4      | Gained mutation: You have sharp fingernails. [demonic ancestry]
  2860 | D:4      | Reached XP level 6. HP: 40/48 MP: 6/6
  2883 | D:4      | Found a staircase to the Ecumenical Temple.
  2888 | Temple   | Entered the Ecumenical Temple
  3097 | Temple   | Became a worshipper of Warmaster Okawaru
  3264 | D:4      | Found a shattered altar of Ashenzari.
  3481 | D:5      | Entered Level 5 of the Dungeon
  3481 | D:5      | Found a white marble altar of Elyvilon.
  3571 | D:5      | Found a blossoming altar of Fedhas.
  3624 | D:5      | Gained mutation: You have very sharp fingernails. [demonic ancestry]
  3624 | D:5      | Reached XP level 7. HP: 55/55 MP: 7/7
  3662 | D:5      | Reached skill level 5 in Axes
  3684 | D:5      | Found a sacrificial altar of Ru.
  3728 | D:5      | Reached * piety under Okawaru
  3959 | D:5      | Found Jidghef's Antique Armour Shoppe.
  4246 | D:5      | Reached skill level 5 in Fighting
  4306 | D:6      | Noticed Dowan
  4311 | D:6      | Noticed Duvessa
  4510 | D:6      | Reached skill level 1 in Invocations
  4510 | D:6      | Gained mutation: You have a pair of horns on your head. [demonic ancestry]
  4510 | D:6      | Reached XP level 8. HP: 39/63 MP: 8/8
  4635 | D:6      | Killed Duvessa
  4645 | D:6      | Killed Dowan
  4645 | D:6      | Reached ** piety under Okawaru
  4737 | D:6      | Found a stormy altar of Qazlal.
  4946 | D:7      | Found an opulent altar of Gozag.
  5046 | D:7      | Noticed Prince Ribbit
  5075 | D:7      | Killed Prince Ribbit
  5251 | D:7      | Reached XP level 9. HP: 58/71 MP: 11/11
  5302 | D:7      | Reached *** piety under Okawaru
  5302 | D:7      | Reached skill level 5 in Dodging
  5486 | D:8      | Noticed Psyche
  5491 | D:8      | Cast into level 1 of the Abyss (Psyche)
  5491 | Abyss:1  | Found a blossoming altar of Fedhas.
  5540 | Abyss:1  | Noticed a sun demon
  5547 | Abyss:1  | Noticed a reaper
  5551 | Abyss:1  | HP: 2/71 [sun demon (13)]
  5552 | Abyss:1  | Demolished by a sun demon

Vault maps used:
D:1:      lemuel_arrival_room
D:2:      yredelemnul_altar_generic, hangedman_feature_mirror
D:3:      lemuel_coloured_pillars_altar
D:4:      minmay_door_path, kennysheep_mini_moat,
          nemelex_xobeh_ov_fountains_minmay, serial_shops, shop, shop,
          kennysheep_mini, shop, first_bread
D:5:      elyvilon_altar_4, nicolae_ru_great_annihilating_truth, serial_shops,
          shop, fedhas_altar_3
D:6:      nicolae_qazlal_eye_of_the_storm, uniq_duvessa
D:7:      overflow_temple_1_default, minmay_crystal_room, uniq_prince_ribbit1
D:8:      basic_altar, hangedman_ranch, kennysheep_cluttered_room, uniq_psyche,
          uniq_grum, uniq_erica, uniq_gastronok
Temple:   hc_temple_tempest_star

Skill      XL: |  1  2  3  4  5  6  7  8  9 |
---------------+----------------------------+-----
Axes           | 3 4 5 6 |  6.9
Fighting       | 3 4 5 6 |  6.8
Dodging        | 3 4 5 |  5.0
Armour         | 1 2 3 |  3.9
Invocations    | 1 3 |  3.8
Throwing       | |  1.7

Action                   |  1- 3 |  4- 6 |  7- 9 || total
-------------------------+-------+-------+-------++-------
Melee: War axe           |    66 |   139 |   175 ||   380
       Headbutt          |       |    26 |    39 ||    65
 Stab: Invisible         |       |       |     1 ||     1
  Eat: Chunk             |     1 |     5 |     7 ||    13
       Royal jelly       |       |     1 |       ||     1
Armor: Leather armour    |    17 |       |       ||    17
       Chain mail        |    10 |    97 |     7 ||   114
       Scale mail        |       |       |    63 ||    63
Dodge: Dodged            |    32 |    48 |    98 ||   178
